 Dungeon Crawl Stone Soup version 0.27.1-37-g7b29ead8ac (console) character file.

Game seed: 15693841724170307169

123 grimtooth the Sneak (level 5, 0/28 HPs)
             Began as a Kobold Enchanter on Mar 15, 2023.
             Killed from afar by Natasha (13 damage)
             ... with a puff of flame
             ... on level 3 of the Dungeon.
             The game lasted 00:22:43 (4242 turns).

grimtooth the Sneak (Kobold Enchanter)              Turns: 4242, Time: 00:22:44

Health: 0/28       AC:  6    Str:  5    XL:     5   Next: 28%
Magic:  8/8        EV: 15    Int: 18    God:
Gold:   877        SH:  0    Dex: 15    Spells: 7/8 levels left

rFire    . . .     SeeInvis .   a - +1 dagger
rCold    . . .     Faith    .   (shield restricted)
rNeg     . . .     Spirit   .   b - +1 robe
rPois    .         Reflect  .   (no helmet)
rElec    .         Harm     .   (no cloak)
rCorr    .         Rampage  +   (no gloves)
Will     .....                  c - +0 pair of boots {rampage}
Stlth    ++........             h - amulet of magic regeneration
HPRegen  0.09/turn              (no ring)
MPRegen  0.36/turn              (no ring)

@: confused, ambrosia-drunk, very slightly contaminated, invisible
A: small, no large weapons, nightstalker 3, iridescent scales 1, wild magic 2
a: no special abilities


You were on level 3 of the Dungeon.
You visited 1 branch of the dungeon, and saw 3 of its levels.
You also visited: Sewer.

You collected 877 gold pieces.

Inventory:

Hand Weapons
 a - a +1 dagger (weapon)
Missiles
 e - 31 stones (quivered)
 q - 16 poisoned darts
 y - 8 boomerangs
 B - 18 sling bullets
Armour
 b - a +1 robe (worn)
 c - a +0 pair of boots of rampaging (worn)
 r - a +1 leather armour of fire resistance
Jewellery
 h - an amulet of magic regeneration (around neck)
Wands
 g - a wand of digging (6)
 j - a wand of polymorph (8)
Scrolls
 d - a scroll of silence {unknown}
 k - a scroll of acquirement
 s - a scroll of summoning {unknown}
 t - a scroll of identify {unknown}
 u - a scroll of fear {unknown}
 v - a scroll of teleportation {unknown}
 z - a scroll of fog {unknown}
Potions
 i - a potion of lignification {unknown}
 l - a potion of cancellation {unknown}
 m - a potion of invisibility
 n - a potion of magic {unknown}
 o - a potion of heal wounds {unknown}
 p - a potion of resistance {unknown}
 w - a potion of haste {unknown}
 x - a potion of mutation
 A - a potion of berserk rage {unknown}


   Skills:
 - Level 1.3 Short Blades
 - Level 2.4 Dodging
 + Level 5.5 Stealth
 - Level 2.1 Spellcasting
 * Level 4.9 Hexes


You had 7 spell levels left.
You knew the following spells:

 Your Spells              Type           Power      Damage    Failure   Level
a - Corona                Hex            34%        N/A       7%          1

Your spell library contained the following spells:

 Spells                   Type           Power      Damage    Failure   Level
 Confusing Touch          Hex            31%        N/A       16%         3
 Tukima's Dance           Hex            31%        N/A       16%         3
 Ensorcelled Hibernation  Hex/Ice        34%        N/A       21%         2
 Sting                    Tmut/Pois      12%        1d3       34%         1
 Dazzling Flash           Conj/Hex       34%        N/A       34%         3
 Portal Projectile        Hex/Tloc       34%        N/A       34%         3
 Poisonous Vapours        Pois/Air       6%         N/A       43%         2
 Call Canine Familiar     Summ           3%         N/A       65%         3
 Leda's Liquefaction      Hex/Erth       8%         N/A       71%         4
 Ice Form                 Ice/Tmut       3%         N/A       95%         4
 Olgreb's Toxic Radiance  Pois           3%         N/A       95%         4
 Summon Ice Beast         Ice/Summ       3%         N/A       95%         4
 Dispersal                Tloc           1%         N/A       100%        6


Dungeon Overview and Level Annotations

Branches:
Dungeon (3/15)              Sewer (visited)

Altars:

Shops:
D:2 (

Annotations:
D:3 Natasha, Robin


Innate Abilities, Weirdness & Mutations

You are small and have problems with some larger weapons.
You are completely attuned to the shadows.
You are partially covered in iridescent scales. (AC +2)
Your spells are harder to cast, but more powerful.


Message History

a +0 dagger; a +0 dagger You start waiting.
A goblin is nearby!
Casting: Corona (safe; 7% risk of failure)
Confirm with . or Enter, or press ? or * to list all spells.
Aiming: Corona (safe; 7% risk of failure)
Press: ? - help, Shift-Dir - straight line, f - goblin
Aim: a goblin, wielding a +0 club (chance to affect: 84%)
The goblin is outlined in light.
You hit the goblin.
The goblin is heavily wounded.
The goblin barely misses you.
You hit the goblin.
You kill the goblin!
Items here: ))) †.
e - 31 stones (gained 1) Natasha, Servant of Life and Death comes into view.
She is carrying a wand of flame (25).
Natasha zaps a wand.
The puff of flame hits you!
You miss Natasha. Natasha closely misses you.
You closely miss Natasha.
Natasha mumbles some strange words.
Natasha's front paws start to glow.
Natasha zaps a wand.
The puff of flame hits you!
You hit Natasha.
Natasha is moderately wounded.
Natasha zaps a wand.
The puff of flame misses you.
You barely miss Natasha.
Natasha is moderately wounded.
Natasha casts a spell at you. The magic dart hits you.
It was a potion of invisibility.
You fade into invisibility!
Natasha zaps a wand.
The puff of flame hits you!
* * * LOW HITPOINT WARNING * * *
You are very lightly contaminated with residual magic.
It was a potion of ambrosia.
You are confused.
You feel invigorated. Natasha barely misses you.
Natasha zaps a wand.
The puff of flame hits you!
You die...

.÷.......# #.........# .........#
#.........## .........# #####
######......
<........######...##########.....
..............'..............÷...
#######+#######.............#..÷.
......#.# #.............#....
....#.#)# #.............#....
........# #.............'....
....##### #..h..........#....
###.###########.@...........#....
............................#...>
............................#....
..................########### .
...............#### .
...............# #
###............# .<#............#
###............# #............#
#............#


You could see Natasha.

Vanquished Creatures
  Natasha (D:3)
  An adder (D:3)
  A dart slug (D:2)
  3 ball pythons
  5 endoplasms
  3 giant cockroaches
  6 goblins
  5 hobgoblins
  11 jackals
  19 kobolds
  A quokka (D:2)
  7 bats
  A frilled lizard (D:1)
  17 rats
81 creatures vanquished.

Notes
Turn   | Place    | Note
-------+----------+-------------------------------------------
     0 | D:1      | grimtooth the Kobold Enchanter began the quest for the Orb.
     0 | D:1      | Reached XP level 1. HP: 10/10 MP: 3/3
   181 | D:1      | Gained mutation: Your spells are a little harder to cast,
                  | but a little more powerful. [potion of mutation]
   181 | D:1      | Gained mutation: Your spells are harder to cast, but more
                  | powerful. [potion of mutation]
   181 | D:1      | Gained mutation: You are partially covered in iridescent
                  | scales. (AC +2) [potion of mutation]
   481 | D:1      | You fall into a shaft and drop 1 floor!
   690 | D:2      | Reached XP level 2. HP: 15/15 MP: 3/5
  1376 | D:1      | Reached XP level 3. HP: 19/19 MP: 6/6
  2366 | D:2      | Found Wanenaish's Weapon Emporium.
  2968 | D:3      | Noticed Natasha
  3019 | D:3      | Found a faded altar of an unknown god.
  3053 | D:3      | Got the Grimoire of the Congealing Traveller
  3062 | D:3      | - where is the damn thing
  3083 | D:3      | Reached XP level 4. HP: 23/24 MP: 7/7
  3225 | D:3      | Reached skill level 5 in Stealth
  3234 | D:3      | Killed Natasha
  3245 | D:3      | Noticed Robin
  3263 | D:3      | Identified 3 scrolls of acquirement
  3401 | D:3      | Found a glowing drain.
  3408 | Sewer    | Entered a sewer
  3411 | Sewer    | - phew
  3505 | Sewer    | Acquired 813 gold pieces
  3506 | Sewer    | Acquired a +0 pair of boots of rampaging
  3581 | Sewer    | Reached XP level 5. HP: 26/28 MP: 8/8
  4233 | D:3      | Noticed Natasha
  4242 | D:3      | Killed from afar by Natasha

Illustrated notes

#...... #.# #...##
#.#####
#..†#######.....#
#...............#
##..............#
#..............#
#####.......##.#
#.......##.#
######
#.......##.#
#.....
#.......'..#
#.....
#.@.....####
#..... ##........#
#..÷..
#.....##.####.....
#.)...##.##.......
#.....##..'...<...
#.....#####.......
#.....# ########
#.....# #.....#
#.....# #.....#


Turn 3062 on D:3: - where is the damn thing ##### #.∩.# #.@.# #...# #+### Turn
3411 on Sewer: - phew

Levels and vault maps discovered:
D:1:      dpeg_arrival_pits, layout_basic
D:2:      layout_basic, serial_shops, nicolae_shop_statue_plus
D:3:      layout_basic, portal_sewer_entry_b,
          dreamdust_ecumenical_altar_statues, uniq_robin, uniq_natasha

Skill      XL: |  1  2  3  4 |
---------------+-------------+-----
Hexes          | 4 |  4.9
Stealth        | 5 |  5.5
Short Blades   | |  1.3
Dodging        | |  2.4
Spellcasting   | |  2.1

Action                   |  1- 3 |  4- 6 || total
-------------------------+-------+-------++-------
Melee: Dagger            |   160 |   146 ||   306
Throw: Stone             |       |     2 ||     2
 Cast: Corona            |    30 |    22 ||    52
  Use: Potion            |     1 |     2 ||     3
       Scroll            |       |     3 ||     3
 Stab: Sleeping          |    15 |    17 ||    32
Armor: Robe              |    36 |    38 ||    74
Dodge: Dodged            |   124 |   141 ||   265
